 Dungeon Crawl Stone Soup version 0.28.0 (webtiles) character file.

Game seed: 8629503620763101669

954 Peloso the Slasher (level 7, -1/61 HPs)
             Began as a Minotaur Fighter on Feb 12, 2022.
             Was a Follower of Okawaru.
             Succumbed to a hornet's poison
             ... on level 4 of the Dungeon.
             The game lasted 00:06:54 (4410 turns).

Peloso the Slasher (Minotaur Fighter)               Turns: 4410, Time: 00:06:55

Health: -1/61      AC: 10    Str: 20    XL:     7   Next: 90%
Magic:  5/6        EV:  7    Int:  5    God:    Okawaru [*.....]
Gold:   115        SH:  5    Dex: 12    Spells: 6/6 levels left

rFire   . . .      SeeInvis .   a - +0 long sword
rCold   . . .      Faith    .   c - +0 buckler
rNeg    . . .      Spirit   .   h - +0 chain mail
rPois   .          Reflect  .   (helmet restricted)
rElec   .          Harm     .   (no cloak)
rCorr   .          Rampage  .   (no gloves)
Will    .....      Rage     1%  (no boots)
Stlth   ..........              (no amulet)
HPRegen 0.20/turn               (no ring)
MPRegen 0.10/turn               (no ring)

@: lethally poisoned (-1 -> -7), slowed, very slow
A: horns 2, retaliatory headbutt, berserk 1, no potion heal 1
a: Renounce Religion, Heroism


You were on level 4 of the Dungeon.
You worshipped Okawaru.
Okawaru was aware of your devotion.
You visited 1 branch of the dungeon, and saw 5 of its levels.

You collected 115 gold pieces.

Inventory:

Hand Weapons
 a - a +0 long sword (weapon)
 b - a +2 hand axe of flaming
Missiles
 e - a throwing net (quivered)
Armour
 c - a +0 buckler (worn)
 h - a +0 chain mail (worn)
Jewellery
 m - an amulet of magic regeneration
 q - a ring of wizardry
Scrolls
 g - a scroll of amnesia
 i - a scroll of summoning
 j - 2 scrolls of magic mapping
 k - a scroll of immolation {unknown}
 l - a scroll of holy word {unknown}
 n - a scroll of identify
Potions
 d - 2 potions of flight
 f - 2 potions of attraction


   Skills:
 + Level 5.2 Fighting
 + Level 7.3 Long Blades
 + Level 6.7 Armour
 + Level 1.1 Dodging
 + Level 0.2 Stealth
 + Level 5.6 Shields
 + Level 0.1 Invocations


You had 6 spell levels left.
You didn't know any spells.
Your spell library was empty.

Dungeon Overview and Level Annotations

Branches:
Dungeon (5/15)
 Temple: D:4-7

Altars:
Elyvilon
Okawaru
Qazlal
Ru


Innate Abilities, Weirdness & Mutations

You have a pair of horns on your head.
You reflexively headbutt those who attack you in melee.
You tend to lose your temper in combat.
Potions are less effective at restoring your health.


Message History

The hornet stings you.
You feel as though you will be slow longer.
The hornet stings you but does no damage.
You slash the hornet!
The hornet is almost dead.
You feel very sick. The hornet closely misses you. The hornet stings you.
* * * LOW HITPOINT WARNING * * *
You are lethally poisoned!
You feel as though you will be slow longer.
You slash the hornet!
You kill the hornet!
Okawaru is honoured by your kill.
* * * LOW HITPOINT WARNING * * *
You feel very sick. The ufetubus hits you.
* * * LOW HITPOINT WARNING * * *
The ufetubus hits you but does no damage.
Your base Fighting skill increases to level 5!
Your base Long Blades skill increases to level 7!
You hit the ufetubus.
The ufetubus is severely wounded.
* * * LOW HITPOINT WARNING * * *
You feel very sick. You block the ufetubus's attack.
The ufetubus hits you but does no damage.
Unknown command.
It was a potion of mutation.
You feel extremely strange.
You feel a little pissed off.
Your system partially rejects the healing effects of potions.
* * * LOW HITPOINT WARNING * * *
You feel very sick. You block the ufetubus's attack.
The ufetubus completely misses you.
The ufetubus hits you but does no damage. x2
The ufetubus misses you.
The ufetubus hits you but does no damage.
You miss the ufetubus. You headbutt the ufetubus.
The ufetubus is almost dead.
You feel like a meek peon again.
You die...

#....†..)######...#
##..#..............#
#...##........... .#
##..####..........
#...#.###.........
#..##.####........
#..#...#..........
#.##..g5..........
#<#....#@.........
###....#..........
#....#######..##.
#...y# #+# #..g5#
#....# #...5# #....+
#....#


You could see an ufetubus and a hobgoblin.

Vanquished Creatures
  A hornet (D:4)
  Sigmund (D:2)
  A steam dragon (D:4)
  A black bear (D:4)
  2 scorpions (D:4)
  An orc priest (D:3)
  2 orc wizards
  A hound skeleton (D:4)
  3 gnolls
  4 adders
  A dart slug (D:2)
  20 orcs
  10 ball pythons
  6 bats
  5 endoplasms
  5 hobgoblins
  10 jackals
  10 kobolds
  2 quokkas
  4 frilled lizards
  7 goblins
  6 rats
  A spectral kobold (D:1)
104 creatures vanquished.

Notes
Turn   | Place    | Note
-------+----------+-------------------------------------------
     0 | D:1      | Peloso the Minotaur Fighter began the quest for the Orb.
     0 | D:1      | Reached XP level 1. HP: 19/19 MP: 0/0
    38 | D:1      | Found a faded altar of an unknown god.
   244 | D:1      | Reached XP level 2. HP: 20/26 MP: 1/1
   770 | D:1      | Reached skill level 3 in Long Blades
   927 | D:2      | Reached XP level 3. HP: 21/33 MP: 2/2
  1501 | D:2      | Noticed Sigmund
  1510 | D:2      | Killed Sigmund
  1511 | D:2      | Reached skill level 4 in Long Blades
  1511 | D:2      | Reached skill level 5 in Armour
  1511 | D:2      | Reached XP level 4. HP: 19/40 MP: 3/3
  1511 | D:2      | Reached XP level 5. HP: 22/46 MP: 4/4
  1713 | D:2      | Reached skill level 5 in Long Blades
  2728 | D:3      | Reached XP level 6. HP: 48/52 MP: 5/5
  2937 | D:3      | Reached skill level 5 in Shields
  3150 | D:3      | Found a sacrificial altar of Ru.
  3150 | D:3      | Found an iron altar of Okawaru.
  3150 | D:3      | Found a stormy altar of Qazlal.
  3152 | D:3      | Found a white marble altar of Elyvilon.
  3158 | D:3      | Became a worshipper of Warmaster Okawaru
  3468 | D:4      | Reached skill level 6 in Long Blades
  3634 | D:5      | Entered Level 5 of the Dungeon
  3700 | D:4      | Noticed a steam dragon
  3810 | D:4      | Killed a steam dragon
  3810 | D:4      | Reached * piety under Okawaru
  3811 | D:4      | Reached XP level 7. HP: 13/60 MP: 6/6
  4130 | D:4      | Reached skill level 1 in Dodging
  4393 | D:4      | Noticed a hornet
  4407 | D:4      | Killed a hornet
  4408 | D:4      | Reached skill level 5 in Fighting
  4408 | D:4      | Reached skill level 7 in Long Blades
  4409 | D:4      | Gained mutation: You tend to lose your temper in combat.
                  | [potion of mutation]
  4409 | D:4      | Gained mutation: Potions are less effective at restoring
                  | your health. [potion of mutation]
  4409 | D:4      | HP: 1/61 [poisoned by a hornet]
  4410 | D:4      | Succumbed to a hornet's poison

Illustrated notes

Levels and vault maps discovered:
D:1:      dpeg_arrival_simpleton_a, layout_basic,
          dreamdust_ecumenical_altar_drowned_temple
D:2:      layout_basic, uniq_sigmund
D:3:      layout_basic, minitemple
D:4:      layout_gridville, minmay_crossroads, uniq_crazy_yiuf_cottage
D:5:      layout_basic, ebering_ghost_sewer_d, kennysheep_generic_room_16,
          uniq_prince_ribbit1, uniq_eustachio

Skill      XL: |  1  2  3  4  5  6  7 |
---------------+----------------------+-----
Armour         | 4 5 6 |  6.7
Shields        | 4 5 |  5.6
Long Blades    | 3 4 5 6 7 |  7.3
Fighting       | 4 5 |  5.2
Dodging        | 1 |  1.1
Stealth        | |  0.2
Invocations    | |  0.1

Action                   |  1- 3 |  4- 6 |  7- 9 || total
-------------------------+-------+-------+-------++-------
Melee: Long sword        |    64 |   154 |    30 ||   248
       Headbutt          |     5 |    24 |     6 ||    35
Throw: Throwing net      |     1 |       |       ||     1
Invok: Heroism           |       |       |     2 ||     2
  Use: Scroll            |     4 |       |     2 ||     6
       Potion            |     3 |       |     3 ||     6
Armor: Scale mail        |    32 |     7 |       ||    39
       Chain mail        |       |    82 |    16 ||    98
Dodge: Dodged            |    34 |    55 |    16 ||   105
Block: Buckler           |    17 |    35 |    11 ||    63
